 Dungeon Crawl Stone Soup version 0.28.0 (webtiles) character file.

Game seed: 2663423210762196959

55 trckry the Conjurer (level 3, -4/21 HPs)
             Began as an Octopode Conjurer on Feb 12, 2022.
             Slain by Terence (7 damage)
             ... on level 2 of the Dungeon.
             The game lasted 00:05:10 (2225 turns).

trckry the Conjurer (Octopode Conjurer)             Turns: 2225, Time: 00:05:10

Health: -4/21      AC:  1    Str:  6    XL:     3   Next: 93%
Magic:  0/0        EV: 13    Int: 31    God:
Gold:   57         SH:  5    Dex: 10    Spells: 4/7 levels left

rFire   . . .      SeeInvis .   g - +9 hand axe of Dickon {pain, MP-9 Int+9}
rCold   . . .      Faith    .   (no shield)
rNeg    . . .      Spirit   .   (helmet restricted)
rPois   .          Reflect  +   d - amulet of reflection
rElec   .          Harm     .   (no ring)
rCorr   .          Rampage  .   (no ring)
Will    .....                   (no ring)
Stlth   +++.......              (no ring)
HPRegen 0.07/turn               (no ring)
MPRegen 0.07/turn               (no ring)
                                (no ring)
                                (no ring)

@: no status effects
A: almost no armour, amphibious, 8 rings, camouflage 1, gelatinous body 1,
(nimble swimmer 1), tentacles
a: no special abilities


You were on level 2 of the Dungeon.
You visited 1 branch of the dungeon, and saw 2 of its levels.

You collected 57 gold pieces.

Inventory:

Hand Weapons
 g - the +9 hand axe of Dickon (weapon) {pain, MP-9 Int+9}
   (You found it on level 2 of the Dungeon)

   In the hands of one skilled in necromantic magic, it inflicts extra damage on
   living creatures.
   Int:       It affects your intelligence (+9).
   MP:        It affects your magic capacity (-9).
Missiles
 b - 28 stones
Jewellery
 d - an amulet of reflection (around mantle)
Scrolls
 a - a scroll of identify {unknown}
Potions
 c - a potion of magic {unknown}
 e - a potion of heal wounds
 f - a potion of lignification {unknown}


   Skills:
 - Level 2.0 Dodging
 - Level 3.0 Stealth
 + Level 2.6 Spellcasting
 * Level 5.0 Conjurations


You had 4 spell levels left.
You knew the following spells:

 Your Spells              Type           Power      Damage    Failure   Level
a - Magic Dart            Conj           100%       1d8       1%          1
b - Searing Ray           Conj           70%        2d7       1%          2

Your spell library contained the following spells:

 Spells                   Type           Power      Damage    Failure   Level
 Apportation              Tloc           8%         N/A       7%          1
 Dazzling Flash           Conj/Hex       38%        N/A       8%          3
 Summon Guardian Golem    Hex/Summ       4%         N/A       22%         3
 Fulminant Prism          Conj/Hex       9%         3d7       26%         4
 Iskenderun's Mystic Bla  Conj/Tloc      19%        2d6       26%         4
 Alistair's Intoxication  Tmut/Pois      2%         N/A       89%         5
 Orb of Destruction       Conj           17%        9d7       100%        7
 Spellforged Servitor     Conj/Summ      9%         N/A       100%        7


Dungeon Overview and Level Annotations

Branches:
Dungeon (2/15)

Altars:

Annotations:
D:2 Terence


Innate Abilities, Weirdness & Mutations

You cannot wear most types of armour.
You are amphibious.
You can wear up to eight rings at the same time.
Your skin changes colour to match your surroundings (Stealth+).
Your rubbery body absorbs attacks. (AC +1, EV +1)
((You are camouflaged when in or above water. (Stealth+)))
You have tentacles for arms and can constrict up to eight enemies at once.


Message History

Items here: )) [[ †.
Okay, then.
You closely miss the hobgoblin. You grab the hobgoblin.
You constrict the hobgoblin, but do no damage.
The hobgoblin completely misses you.
You tentacle-slap the hobgoblin but do no damage.
You constrict the hobgoblin. The hobgoblin hits you.
You tentacle-slap the hobgoblin but do no damage.
You squeeze the hobgoblin.
You kill the hobgoblin!
Your Conjurations skill increases to level 5!
You see here the +9 hand axe of Dickon {pain, MP-9 Int+9}.
g - the +9 hand axe of Dickon {pain, MP-9 Int+9} You feel clever.
You have a feeling of ineptitude.
g - the +9 hand axe of Dickon (weapon)
{pain, MP-9 Int+9} HP restored.
Terence is nearby!
Press: ? - help, v - describe, . - travel
Here: Terence, wielding a +1 falchion of holy wrath and wearing a +0 scale mail (wandering, hasn't noticed you)
The floor.
Unknown command.
Terence shouts!
You hit Terence. You grab Terence.
Terence is lightly wounded.
You constrict Terence, but do no damage.
You block Terence's attack.
Terence hits you with a +1 falchion of holy wrath!
You completely miss Terence.
Terence is lightly wounded.
You constrict Terence, but do no damage.
Terence hits you with a +1 falchion of holy wrath.
You hit Terence but do no damage.
Terence is lightly wounded.
You constrict Terence.
Terence hits you with a +1 falchion of holy wrath!
* * * LOW HITPOINT WARNING * * *
You release your grip on Terence.
Terence hits you with a +1 falchion of holy wrath!
You die...

##....<..# #.#.....# #
#..#####<# #.......########
### #.#####)#
####†##.......g.
..###...##.######....########
###.#.#..#.##........[### #..
#........#............# #.#
#...............# #..
##.#####........# #. ...#
#.@......# #.
#########.@......# #
#...............#
#.....$.#.......##
#.......#.........
#..........#......
#.......#..##.#...
#.............#..#
#.......#........# #...


You could see Terence.

Vanquished Creatures
  Robin (D:2)
  3 ball pythons
  3 endoplasms (D:1)
  3 giant cockroaches
  5 hobgoblins
  7 jackals (D:1)
  2 quokkas
  2 bats (D:1)
  2 frilled lizards (D:2)
  4 goblins
  4 kobolds
  2 rats
38 creatures vanquished.

Notes
Turn   | Place    | Note
-------+----------+-------------------------------------------
     0 | D:1      | trckry the Octopode Conjurer began the quest for the Orb.
     0 | D:1      | Reached XP level 1. HP: 11/11 MP: 3/3
   329 | D:1      | Reached XP level 2. HP: 15/17 MP: 5/5
   360 | D:1      | HP: 2/17 [kobold/stone (1)]
  1081 | D:1      | Reached XP level 3. HP: 13/21 MP: 6/6
  1564 | D:2      | Noticed Robin
  1577 | D:2      | HP: 2/21 [goblin[Robin] (3)]
  2060 | D:2      | Noticed Terence
  2142 | D:1      | Learned a level 2 spell: Searing Ray
  2150 | D:2      | Killed Robin
  2178 | D:2      | Reached skill level 5 in Conjurations
  2185 | D:2      | Identified the +9 hand axe of Dickon {pain, MP-9 Int+9}
  2212 | D:2      | HP: 2/21 [Terence (7)]
  2225 | D:2      | Slain by Terence

Illustrated notes

Levels and vault maps discovered:
D:1:      dpeg_arrival_rooms_c, layout_loops_ring,
          hangedman_decor_clover_reticule
D:2:      layout_loops_cross, basic_ecumenical_altar, basic_altar, uniq_jessica,
          uniq_robin, uniq_terence

Skill      XL: |  1  2  3 |
---------------+----------+-----
Stealth        | 3 |  3.0
Conjurations   | 5 |  5.0
Dodging        | |  2.0
Spellcasting   | |  2.6

Action                   || total
-------------------------++-------
Melee: Unarmed           ||    80
       Tentacles         ||    26
       Constrict         ||    23
       Punch             ||     2
       Hand axe          ||     3
 Cast: Magic Dart        ||    18
       Searing Ray       ||     1
 Stab: Sleeping          ||     7
Armor: Skin              ||     6
Dodge: Dodged            ||    48
Block: Other             ||     2
